 Dungeon Crawl Stone Soup version 0.23.2-30-g0e89c35649 (webtiles) character file.

Game seed: 14746871002966450906

104 Revguard the Slasher (level 5, -7/38 HPs)
             Began as a Human Gladiator on June 18, 2019.
             Killed from afar by Sigmund (10 damage)
             ... with a magic dart
             ... on level 3 of the Dungeon.
             The game lasted 00:06:03 (1681 turns).

Revguard the Slasher (Human Gladiator)              Turns: 1681, Time: 00:06:03

Health: -7/38      AC:  5    Str: 14    XL:     5   Next: 7%
Magic:  15/15      EV: 13    Int: 15    God:
Gold:   131        SH:  0    Dex: 14    Spells: 6/6 levels left

rFire    . . .     SeeInvis .   a - +0 long sword
rCold    . . .     Gourm    .   (no shield)
rNeg     . . .     Faith    .   b - +0 leather armour
rPois    .         Spirit   .   c - +0 helmet
rElec    .         Reflect  .   (no cloak)
rCorr    +         Harm     .   h - +0 pair of gloves
MR       .....                  (no boots)
Stlth    +.........             (no amulet)
HPRegen  0.12/turn              k - ring of magical power (curse)
MPRegen  0.14/turn              m - ring of resist corrosion

@: brilliant
A: no striking features
a: no special abilities


You were on level 3 of the Dungeon.
You were hungry.

You visited 1 branch of the dungeon, and saw 3 of its levels.

You collected 131 gold pieces.

Inventory:

Hand Weapons
 a - a +0 long sword (weapon)
Missiles
 d - 2 throwing nets (quivered)
Armour
 b - a +0 leather armour (worn)
 c - a +0 helmet (worn)
 h - a +0 pair of gloves (worn)
Jewellery
 k - a cursed ring of magical power (left hand)
 m - a ring of resist corrosion (right hand)
Scrolls
 e - 5 scrolls of identify {unknown}
 g - a scroll of immolation {unknown}
 i - a scroll of teleportation {unknown}
Comestibles
 f - 2 rations


   Skills:
 + Level 2.2 Fighting
 + Level 4.1 Long Blades
 - Level 2.0 Throwing
 + Level 1.2 Armour
 + Level 3.6 Dodging
 * Level 1.1 Spellcasting


You had 6 spell levels left.
You didn't know any spells.
Your spell library was empty.

Dungeon Overview and Level Annotations

Branches:
Dungeon (3/15)

Altars:

Annotations:
D:3 Sigmund


Message History

You slash something! Something hits you.
You completely miss something. Something barely misses you.
You miss something. Something hits you.
* * * LOW HITPOINT WARNING * * *
It was a potion of magic.
Magic courses through your body.
It was a potion of brilliance.
You feel clever all of a sudden. Something barely misses you.
You closely miss something. Something hits you but does no damage.
You barely miss something. Something hits you but does no damage.
You completely miss something. You closely miss something.
You hear some strange, mumbled words.
A magic dart appears from out of thin air!
The magic dart hits you!
* * * LOW HITPOINT WARNING * * *
You hear some strange, mumbled words.
A magic dart appears from out of thin air!
The magic dart hits you!
You die...

#.....#
##...## ##(##
#.####.#
#......#
######.# #.#
#{# ###@###
#.....#
#####.#.#.#
#.......#.#
#####
#.###.#.#.#
#...# #.#
#....†#######
###...####.#
#............
#.......##.#
##...########
#...#.....<#
##.##


There were no monsters in sight!

Vanquished Creatures
  4 adders (D:2)
  2 oozes
  2 dart slugs
  A leopard gecko (D:3)
  An orc (D:3)
  2 giant cockroaches
  3 goblins
  6 hobgoblins
  8 jackals
  3 quokkas
  A ball python (D:2)
  7 bats
  3 frilled lizards
  2 kobolds (D:1)
  7 rats
52 creatures vanquished.

Notes
Turn   | Place    | Note
-------+----------+-------------------------------------------
     0 | D:1      | Revguard the Human Gladiator began the quest for the Orb.
     0 | D:1      | Reached XP level 1. HP: 16/16 MP: 1/1
   155 | D:1      | Reached XP level 2. HP: 22/22 MP: 2/2
   315 | D:1      | Reached XP level 3. HP: 24/27 MP: 3/3
   997 | D:2      | Reached XP level 4. HP: 33/33 MP: 3/5
  1139 | D:2      | Reached skill level 4 in Long Blades
  1139 | D:2      | Reached skill level 1 in Armour
  1139 | D:2      | Reached skill level 1 in Spellcasting
  1428 | D:2      | Reached XP level 5. HP: 36/38 MP: 6/6
  1656 | D:3      | Noticed Sigmund
  1681 | D:3      | Killed from afar by Sigmund

Skill      XL: |  1  2  3  4 |
---------------+-------------+-----
Long Blades    | 4 |  4.1
Armour         | 1 |  1.2
Spellcasting   | 1 |  1.1
Fighting       | |  2.2
Throwing       | |  2.0
Dodging        | |  3.6

Action                   |  1- 3 |  4- 6 || total
-------------------------+-------+-------++-------
Melee: Long sword        |    81 |    63 ||   144
Throw: Throwing net      |       |     2 ||     2
  Use: Potion            |       |     2 ||     2
  Eat: Chunk             |       |     2 ||     2
Armor: Leather armour    |    40 |    17 ||    57
Dodge: Dodged            |    83 |    47 ||   130
       Rpst.: Long sword |    27 |    18 ||    45
